 Seeded DCSS version 0.30.1 (webtiles) character file.

Game seed: 424073725385337585 (custom seed)

120 McKennaii the Conjurer (level 4, -5/33 HPs)
             Began as a Demigod Conjurer on July 12, 2023.
             Slain by a +1 spectral club (7 damage)
             ... created by Ijyb
             ... while paralysed by Ijyb
             ... on level 3 of the Dungeon.
             The game lasted 00:01:55 (3385 turns).

McKennaii the Conjurer (Demigod Conjurer)           Turns: 3385, Time: 00:01:56

Health: -5/33      AC:  4    Str:  8    XL:     4   Next: 47%
Magic:  4/11       EV:  2    Int: 24    God:
Gold:   143        SH:  0    Dex: 12    Spells: 2/9 levels left

rFire   . . .        i - +2 dagger (vamp)
rCold   . . .        (no shield)
rNeg    . . .        a - +0 robe
rPois   .            (no helmet)
rElec   .            (no cloak)
rCorr   .            h - +0 pair of gloves
SInv    .            j - +0 pair of boots
Will    .....        k - amulet of regeneration
Stlth   ++           (no ring)
HPRegen 1.05/turn    (no ring)
MPRegen 0.12/turn

%: no passive effects
@: paralysed
A: high MP 1, forlorn, divine attributes
a: no special abilities


You were on level 3 of the Dungeon.
You visited 1 branch of the dungeon, and saw 3 of its levels.

You collected 143 gold pieces.

Inventory:

Hand Weapons
 i - a +2 vampiric dagger (weapon)
Armour
 a - a +0 robe (worn)
 h - a +0 pair of gloves (worn)
 j - a +0 pair of boots (worn)
Jewellery
 k - an amulet of regeneration (around neck)
Scrolls
 c - 2 scrolls of identify {unknown}
 d - a scroll of butterflies {unknown}
 f - 2 scrolls of amnesia {unknown}
 n - a scroll of magic mapping {unknown}
 o - a scroll of blinking {unknown}
 p - a scroll of teleportation {unknown}
 q - a scroll of fear {unknown}
Potions
 b - a potion of magic
 e - 2 potions of curing {unknown}
 g - a potion of haste {unknown}
 l - 2 potions of heal wounds {unknown}
 m - 2 potions of attraction {unknown}


   Skills:
 - Level 1.7 Dodging
 - Level 1.7 Stealth
 + Level 3.2 Spellcasting
 + Level 4.7 Conjurations


You had 2 spell levels left.
You knew the following spells:

 Your Spells              Type           Power      Damage    Failure   Level
a - Magic Dart            Conj           100%       1d8       1%          1
b - Searing Ray           Conj           52%        2d6       2%          2
c - Iskenderun's Mystic   Conj/Tloc      15%        2d5       36%         4

Your spell library contained the following spells:

 Spells                   Type           Power      Damage    Failure   Level
 Summon Small Mammal      Summ           12%        N/A       11%         1
 Sublimation of Blood     Necr           3%         N/A       16%         2
 Wereblood                Tmut           3%         N/A       16%         2
 Dazzling Flash           Conj/Hex       30%        N/A       12%         3
 Call Canine Familiar     Summ           3%         N/A       32%         3
 Summon Guardian Golem    Hex/Summ       3%         N/A       32%         3
 Vampiric Draining        Necr           3%         2d6       32%         3
 Fulminant Prism          Conj/Hex       7%         3d7       36%         4
 Petrify                  Tmut/Erth      3%         N/A       71%         4
 Yara's Violent Unravell  Hex/Tmut       1%         3d3       96%         5
 Summon Hydra             Summ           1%         N/A       100%        7


Dungeon Overview and Level Annotations

Branches:
Dungeon (3/15)

Annotations:
D:3 Ijyb


Innate Abilities, Weirdness & Mutations

You have an increased reservoir of magic. (+10% MP)
You shall have no god before yourself.
Your divine heritage dramatically boosts your attributes as you level up.


Message History

Ijyb is moderately wounded.
Casting: Magic Dart (safe; 1% risk of failure)
Confirm with . or Enter, or press ? or * to list all spells.
Aiming: Magic Dart (safe; 1% risk of failure)
Press: ? - help, Shift-Dir - straight line, f/p - Ijyb
Aim: Ijyb, wielding a +1 spectral club, wearing a +0 leather armour and carrying a wand of paralysis (4) (moderately wounded, 100% to hit)
The magic dart hits Ijyb.
Ijyb is heavily wounded.
Ijyb barely misses you. The +1 spectral club hits you.
A +1 spectral club comes into view.
Ijyb completely misses you. The +1 spectral club hits you.
Unknown command.
Casting: Magic Dart (safe; 1% risk of failure)
Confirm with . or Enter, or press ? or * to list all spells.
Aiming: Searing Ray (safe; 2% risk of failure)
Press: ? - help, Shift-Dir - straight line, f/p - Ijyb
Aim: Ijyb, wielding a +1 spectral club, wearing a +0 leather armour and carrying a wand of paralysis (4) (heavily wounded, 74% to hit)
The searing ray hits Ijyb.
Ijyb is heavily wounded. (Press . to maintain the ray.)
The +1 spectral club hits you.
The +1 spectral club hits you but does no damage.
Ijyb hits you with a +1 spectral club. The +1 spectral club hits you. x2
Unknown command.
The searing ray hits Ijyb.
Ijyb is severely wounded.
The +1 spectral club hits you.
Ijyb zaps a wand.
You resist with some effort.
The +1 spectral club hits you but does no damage.
The searing ray misses Ijyb.
The +1 spectral club closely misses you.
The +1 spectral club disappears.
Ijyb zaps a wand.
You suddenly lose the ability to move!
Ijyb screams, "It's all mine!"
Ijyb hits you with a +1 spectral club. The +1 spectral club hits you!
* * * LOW HITPOINT WARNING * * *
A +1 spectral club comes into view.
Ijyb hits you with a +1 spectral club!
* * * LOW HITPOINT WARNING * * *
The +1 spectral club hits you!
You die...

....#..........
....................
...................
...##..............
.>##..............
#######!............(...
#........#...#..........
#.....(..#...#..........
#.....g@.#...##.##......
#######..$......#..#..#.
#.##..####..##..##
........##..###....
#........##.## #....
#........##. ###....
#...........#....###
#######.####........
#####.......#####.


You could see a +1 spectral club (wandering) and Ijyb.

Vanquished Creatures
  A gnoll (D:3)
  An adder (D:3)
  2 dart slugs (D:2)
  3 orcs (D:3)
  3 ball pythons (D:1)
  7 bats
  10 endoplasms
  4 giant cockroaches
  10 goblins
  13 hobgoblins
  10 jackals
  2 quokkas
  A frilled lizard (D:2)
  7 kobolds
  7 rats
81 creatures vanquished.

Notes
Turn   | Place    | Note
-------+----------+-------------------------------------------
     0 | D:1      | McKennaii the Demigod Conjurer began the quest for the Orb.
     0 | D:1      | Reached XP level 1. HP: 14/14 MP: 5/5
   365 | D:1      | Reached XP level 2. HP: 20/20 MP: 5/7
   368 | D:1      | Learned a level 2 spell: Searing Ray
   457 | D:1      | Reached skill level 4 in Conjurations
  1280 | D:1      | Reached XP level 3. HP: 12/26 MP: 5/9
  1550 | D:2      | Got Sif Muna's Book of the Gestalt and Diablerie
  2815 | D:3      | Reached XP level 4. HP: 33/33 MP: 7/11
  3102 | D:3      | Learned a level 4 spell: Iskenderun's Mystic Blast
  3373 | D:3      | Noticed Ijyb
  3383 | D:3      | Paralysed by Ijyb for 5 turns
  3385 | D:3      | Slain by a +1 spectral club

Illustrated notes

Levels and vault maps discovered:
D:1:      evilmike_arrival_crescent, layout_loops_corners
D:2:      layout_basic, minmay_misc_feat_cross, kennysheep_cross_room
D:3:      layout_rooms, nzn_wu_jian_contemplation, uniq_ijyb

Skill      XL: |  1  2  3  4 |
---------------+-------------+-----
Spellcasting   | 2 3 |  3.2
Conjurations   | 4 |  4.7
Dodging        | |  1.7
Stealth        | |  1.7

Action                     |  1- 3 |  4- 6 || total
---------------------------+-------+-------++-------
  Melee: Unarmed           |    12 |       ||    12
         Punch             |     1 |       ||     1
         Dagger            |    17 |     2 ||    19
   Cast: Magic Dart        |   116 |    37 ||   153
         Searing Ray       |     1 |     1 ||     2
 Armour: Robe              |    15 |     3 ||    18
  Dodge: Dodged            |    33 |     4 ||    37
